 Dungeon Crawl Stone Soup version 0.20.0-10-g0535bb4 (webtiles) character file.

83 MTVSty1e the Skirmisher (level 4, 0/29 HPs)
             Began as a Gargoyle Fighter on June 5, 2017.
             Slain by Sigmund
             ... wielding a +0 scythe
              (4 damage)
             ... on level 3 of the Dungeon.
             The game lasted 00:02:59 (1354 turns).

MTVSty1e the Skirmisher (Gargoyle Fighter)          Turns: 1354, Time: 00:02:59

Health: 0/29       AC: 10    Str: 20    XL:     4   Next: 44%
Magic:  4/4        EV: 12    Int:  9    God:
Gold:   138        SH:  9    Dex: 14    Spells: 3/3 levels left

rFire    . . .     SeeInvis .   a - +0 war axe
rCold    . . .     Gourm    .   c - +0 shield
rNeg     + . .     Faith    .   b - +0 scale mail
rPois    ∞         Spirit   .   (no helmet)
rElec    +         Reflect  .   (no cloak)
rCorr    +         Harm     .   (no gloves)
MR       .....                  (no boots)
Stlth    +.........             (no amulet)
Regen    0.1/turn               (no ring)
MPRegen  0.1/turn               m - ring of resist corrosion

@: agile
A: negative energy resistance 1, electricity resistance, unbreathing,
petrification resistance, rot immunity, AC +3
a: no special abilities


You were on level 3 of the Dungeon.
You were not hungry.

You visited 1 branch of the dungeon, and saw 3 of its levels.

You collected 138 gold pieces.

Inventory:

Hand Weapons
 a - a +0 war axe (weapon)
Armour
 b - a +0 scale mail (worn)
 c - a +0 shield (worn)
Jewellery
 m - a ring of resist corrosion (right hand)
Scrolls
 d - a scroll of enchant weapon {unknown}
 e - 4 scrolls of identify
Potions
 g - a potion of brilliance
 i - a potion of ambrosia {unknown}
 l - 2 potions of curing {unknown}


   Skills:
 + Level 4.1 Fighting
 * Level 3.5 Axes
 - Level 3.2 Armour
 - Level 3.2 Shields


You had 3 spell levels left.
You didn't know any spells.

Dungeon Overview and Level Annotations

Branches:
Dungeon (3/15)

Altars:
Kikubaaqudgha

Annotations:
D:3 Sigmund


Innate Abilities, Weirdness & Mutations

You are resistant to torment.
Your stone body is resilient. (AC +3)
You are immune to poison.
You resist negative energy. (rN+)
You are resistant to electric shocks. (rElec)
You can survive without breathing.
You are immune to petrification.
You are immune to rotting.


Message History

It was a potion of agility.
You feel agile all of a sudden. Something hits you but does no damage.
You miss something. Something hits you.
You hit something. Something hits you.
You closely miss something. You block something's attack.
You slash something! You block something's attack.
You miss something.
You hear some strange, mumbled words.
A magic dart appears from out of thin air!
The magic dart hits you!
* * * LOW HITPOINT WARNING * * *
Your shield prevents you from hitting something.
You hear some strange, mumbled words.
A puff of flame appears from out of thin air!
The puff of flame hits you!
* * * LOW HITPOINT WARNING * * *
Your shield and scale mail prevent you from hitting something.
Something hits you.
You die...

...#...#..#....#
.#...#....####.#
...#.[.#..####.#
.#...#..#+##...#
...#....(....###
.#..##.......#
..#[
#......######
..#.
#......##..[###.#
. #.
#......##.#@....#
#......'..#.{.#.#
#......#####..#
#......# ....
#......# .####
#.#+#... ## #.
###.# . .


There were no monsters in sight!

Vanquished Creatures
  An adder (D:3)
  3 gnolls (D:2)
  2 worms (D:2)
  2 dart slugs (D:2)
  2 orcs (D:3)
  4 giant cockroaches
  4 goblins
  A hobgoblin (D:1)
  4 jackals (D:2)
  3 kobolds
  A ball python (D:1)
  3 bats
  A frilled lizard (D:1)
  4 rats
35 creatures vanquished.

Notes
Turn   | Place    | Note
-------+----------+-------------------------------------------
     0 | D:1      | MTVSty1e the Gargoyle Fighter began the quest for the Orb.
     0 | D:1      | Reached XP level 1. HP: 14/14 MP: 1/1
   218 | D:1      | Reached XP level 2. HP: 19/19 MP: 2/2
   433 | D:3      | Reached XP level 3. HP: 3/23 MP: 3/3
   724 | D:2      | Reached XP level 4. HP: 12/29 MP: 4/4
   947 | D:2      | Reached skill level 4 in Fighting
  1209 | D:2      | Found a faded altar of an unknown god.
  1241 | D:2      | Found an ancient bone altar of Kikubaaqudgha.
  1334 | D:3      | Noticed Sigmund
  1354 | D:3      | Slain by Sigmund

Skill      XL: |  1  2  3  4 |
---------------+-------------+-----
Axes           | 2 3 |  3.5
Fighting       | 4 |  4.1
Armour         | |  3.2
Shields        | |  3.2

Action                   |  1- 3 |  4- 6 || total
-------------------------+-------+-------++-------
Melee: War axe           |    61 |    64 ||   125
  Use: Potion            |     1 |     1 ||     2
       Scroll            |       |     6 ||     6
  Eat: Bread ration      |       |     1 ||     1
Armor: Scale mail        |    59 |    34 ||    93
Dodge: Dodged            |    19 |    19 ||    38
Block: Shield            |    41 |    28 ||    69
